 Dungeon Crawl Stone Soup version 0.18.1-47-g9310371 (webtiles) character file.

8229 Shtopit the Thaumaturge (level 11, 0/56 HPs)
             Began as a Deep Elf Earth Elementalist on June 21, 2016.
             Was a High Priest of Sif Muna.
             Killed by vampiric draining
             ... invoked by Josephine
              (7 damage)
             ... on level 10 of the Dungeon.
             The game lasted 01:16:32 (16538 turns).

Shtopit the Thaumaturge (DEEE)                     Turns: 16538, Time: 01:16:33

Health: 0/56       AC:  9    Str:  5    XL:     11   Next: 7%
Magic:  13/30      EV: 16    Int: 29    God:    Sif Muna [*****.]
Gold:   115        SH:  0    Dex: 17    Spells: 7 memorised, 15 levels left

rFire  + . .     SeeInvis .     I - +1 whip (elec)
rCold  . . .     Gourm    .     v - +2 robe {Archmagi}
rNeg   . . .     Faith    .     (no shield)
rPois  .         Spirit   .     (no helmet)
rElec  .         Dismiss  .     (no cloak)
rCorr  .         Reflect  .     (no gloves)
SustAt .         Harm     .     q - +1 pair of boots
MR     +....                    (no amulet)
Stlth  ++++......               J - +5 ring of intelligence
                                r - ring of stealth

@: slowed, very slow, somewhat resistant to hostile enchantments, stealthy
A: iridescent scales 1, agile 1, deformed body, fire resistance 1, no device
heal 1
a: Channel Energy, Forget Spell, Renounce Religion


You were on level 10 of the Dungeon.
You worshipped Sif Muna.
Sif Muna was extremely pleased with you.
You were not hungry.

You visited 2 branches of the dungeon, and saw 11 of its levels.

You collected 375 gold pieces.
You spent 260 gold pieces at shops.

Inventory:

Hand Weapons
 n - a +1 scythe of venom
 I - a +1 whip of electrocution (weapon)
 N - a +0 long sword of holy wrath
Missiles
 b - 454 stones (quivered)
 h - 32 poisoned needles
Armour
 j - a +1 robe of cold resistance
 q - a +1 pair of boots (worn)
 v - a +2 robe of the Archmagi (worn)
Jewellery
 l - an uncursed ring of stealth
 o - an uncursed ring of fire
 r - a ring of stealth (left hand)
 s - an uncursed ring of fire
 F - a +2 ring of slaying
 J - a +5 ring of intelligence (right hand)
 L - an uncursed ring of poison resistance
 U - a +5 ring of dexterity {unknown}
 V - an uncursed ring of stealth
 W - an uncursed ring of protection from cold {unknown}
Wands
 p - a wand of polymorph (9/24)
 D - a wand of iceblast (8/15)
 R - a wand of iceblast (12/15)
 T - a wand of iceblast (5/15)
Scrolls
 f - 3 scrolls of enchant weapon
 w - 2 scrolls of enchant armour
 y - 2 scrolls of recharging
 H - a scroll of amnesia
 K - 2 scrolls of teleportation
 O - 2 scrolls of remove curse
 P - a scroll of noise
 Q - a scroll of vulnerability
 S - 2 scrolls of magic mapping
 X - 3 scrolls of identify
 Y - a scroll of blinking {unknown}
Potions
 e - 2 potions of cancellation
 g - a potion of might
 i - 4 potions of flight
 u - 6 potions of curing
 x - 4 potions of haste
 z - 2 potions of heal wounds
 B - 3 potions of brilliance
 C - 5 potions of lignification {unknown}
 G - 2 potions of mutation
 M - 2 potions of agility
Books
 a - a book of Clouds

   Spells                             Type                      Level
   a - Mephitic Cloud                 Conjuration/Poison/Air       3
   b - Conjure Flame                  Conjuration/Fire             3
   c - Poisonous Cloud                Conjuration/Poison/Air       6
   d - Freezing Cloud                 Conjuration/Ice/Air          6
   e - Ring of Flames                 Charms/Fire                  7
 c - a book of Geomancy

   Spells                             Type                      Level
   a - Sandblast                      Earth                        1
   b - Passwall                       Transmutation/Earth          2
   c - Stone Arrow                    Conjuration/Earth            3
   d - Petrify                        Transmutation/Earth          4
   e - Lee's Rapid Deconstruction     Earth                        5
Comestibles
 d - 9 bread rations
 k - 5 meat rations
 A - 4 chunks of flesh


   Skills:
 + Level 1.2 Fighting
 + Level 0.5 Maces & Flails
 + Level 6.2 Dodging
 + Level 6.2 Stealth
 + Level 13.1 Spellcasting
 + Level 6.7 Conjurations
 + Level 3.4 Transmutations
 + Level 0.2 Air Magic
 + Level 11.0 Earth Magic
 + Level 0.2 Poison Magic
 + Level 0.2 Invocations


You had 15 spell levels left.
You knew the following spells:

 Your Spells              Type           Power        Failure   Level  Hunger
a - Sandblast             Erth           ######       1%          1    None
b - Passwall              Trmt/Erth      ######....   1%          2    None
c - Stone Arrow           Conj/Erth      ######       1%          3    None
d - Petrify               Trmt/Erth      ######..     1%          4    None
e - Lee's Rapid Deconstr  Erth           #######...   1%          5    #......
f - Conjure Flame         Conj/Fire      ######..     1%          3    None
g - Mephitic Cloud        Conj/Pois/Air  #####...     3%          3    None


Dungeon Overview and Level Annotations

Branches:
Dungeon (10/15)            Temple (1/1) D:5
   Lair: D:8-11         Orc: D:9-12

Altars:
Ashenzari
Cheibriados
Dithmenos
Elyvilon
Fedhas
Gozag
Kikubaaqudgha
Makhleb
Nemelex Xobeh
Okawaru
Pakellas
Qazlal
Ru
Sif Muna
Trog
Vehumet
Xom
Yredelemnul
Zin
The Shining One

Shops:
D:4 (   D:7 !

Annotations:
D:9 exclusion: obsidian statue
D:10 Josephine


Innate Abilities, Weirdness & Mutations

You are partially covered in iridescent scales (AC +4).
You are agile. (Dex +2)
Armour fits poorly on your strangely shaped body.
Your flesh is heat resistant.
Potions and wands are less effective at restoring your health.


Message History

The centaur shoots an arrow.
The arrow hits you! The arrow burns you.
An adder zombie comes into view.
Casting: Stone Arrow
Confirm with . or Enter, or press ? or * to list all spells.
Aiming: Stone Arrow
Press: ? - help, Shift-Dir - straight line, f/p - Josephine
Aim: Josephine, wielding a dagger of speed and wearing a robe (severely wounded)
You feel a surge of power!
The stone arrow hits Josephine.
Josephine is almost dead.
The adder zombie moves out of view.
The wraith hits you!
* * * LOW HITPOINT WARNING * * *
The wraith drains your vigour!
You feel as though you will be slow longer.
The centaur shoots an arrow.
The arrow misses you.
The arrow hits the wraith!
The arrow burns the wraith.
Josephine misses you. The wraith hits you!
* * * LOW HITPOINT WARNING * * *
The wraith drains your vigour!
You feel as though you will be slow longer.
Josephine is infused with unholy energy.
You die...

... #..... ...).. ..# #
..... ### #. .... ..
.##.. ##... #.#
.....##W.. ... .. ...
......#WW ... .. ##.
......W@## #.# .# # .
.......#@.###.# .# #
............##.##.# .#
..........##..#.#..#
#.## .........# ##.#...#
##...# .........
#.c...###....#
.#......#####..........#
...........##......(...#
.......................#
.................#.....#


You could see Josephine, 4 wraiths and a centaur.

Vanquished Creatures
  Erica (D:8)
  The ghost of Vincendra the Basher, a novice MiFi of Okawaru (D:8)
  The ghost of simples the Covert, a novice SpEn of Kikubaaqudgha (D:10)
  Pikel (D:7)
  A kobold demonologist (D:9)
  A two-headed ogre (D:6)
  Sigmund (D:2)
  2 wyverns
  A vampire (D:10)
  The ghost of Vincendra the Cudgeler, an amateur MiFi of Trog (D:4)
  A hungry ghost (D:8)
  Menkaure (D:7)
  A hippogriff (D:7)
  A water moccasin (D:8)
  Duvessa (D:7)
  2 sky beasts
  A black bear (D:9)
  4 orc warriors
  An ice beast (D:7)
  4 slaves (D:7)
  8 ogres
  4 centaurs
  5 giant frogs
  A gnoll sergeant (D:7)
  A big kobold (D:9)
  Dowan (D:7)
  2 scorpions
  6 killer bees (D:7)
  3 howler monkeys (D:7)
  5 crimson imps
  2 centaur zombies
  A giant frog zombie (D:8)
  A quasit (D:6)
  8 orc priests
  3 hounds
  6 orc wizards
  A giant frog skeleton (D:4)
  3 iguanas
  Terence (D:2)
  10 worker ants
  Ijyb (D:1)
  A worker ant zombie (D:6)
  10 adders
  19 gnolls
  A shadow imp (D:8)
  5 oozes
  An adder skeleton (D:9)
  5 worms
  2 dart slugs
  6 giant geckos
  19 orcs
  A giant cockroach (D:4)
  9 goblins
  5 hobgoblins
  18 jackals
  19 kobolds
  4 quokkas
  A ball python (D:3)
  3 bats
  5 giant newts
  A jackal zombie (D:6)
  2 quokka skeletons (D:5)
  7 rats
245 creatures vanquished.

Vanquished Creatures (others)
  An orc warrior (D:6)
  3 orcs (D:6)
4 creatures vanquished.

Grand Total: 249 creatures vanquished

Notes
Turn   | Place    | Note
--------------------------------------------------------------
     0 | D:1      | Shtopit the Deep Elf Earth Elementalist began the quest for the Orb.
     0 | D:1      | Reached XP level 1. HP: 10/10 MP: 6/6
   378 | D:1      | Reached XP level 2. HP: 15/15 MP: 6/8
   382 | D:1      | Learned a level 2 spell: Passwall
  1352 | D:2      | Noticed Ijyb
  1360 | D:2      | Reached skill level 4 in Spellcasting
  1360 | D:2      | Reached XP level 3. HP: 18/19 MP: 4/10
  1427 | D:1      | Killed Ijyb
  1718 | D:2      | Noticed Sigmund
  2023 | D:1      | Learned a level 3 spell: Stone Arrow
  2125 | D:2      | Noticed Terence
  2336 | D:2      | Reached XP level 4. HP: 24/24 MP: 8/12
  2707 | D:2      | Learned a level 4 spell: Petrify
  3157 | D:3      | Reached skill level 5 in Spellcasting
  3312 | D:3      | Reached XP level 5. HP: 27/28 MP: 8/14
  3814 | D:3      | Reached skill level 5 in Earth Magic
  3958 | D:3      | Found a basalt altar of Yredelemnul.
  4206 | D:3      | Reached XP level 6. HP: 32/32 MP: 2/16
  4303 | D:3      | Learned a level 5 spell: Lee's Rapid Deconstruction
  4851 | D:4      | Noticed Vincendra's ghost (amateur MiFi)
  4964 | D:2      | Killed Terence
  4964 | D:2      | Reached skill level 6 in Spellcasting
  5039 | D:2      | Killed Sigmund
  5039 | D:2      | Reached skill level 1 in Conjurations
  5039 | D:2      | Reached XP level 7. HP: 17/36 MP: 5/18
  5040 | D:2      | Gained mutation: You are partially covered in iridescent scales (AC +4). [potion of mutation]
  5040 | D:2      | Gained mutation: Potions and wands are less effective at restoring your health. [potion of mutation]
  5040 | D:2      | Gained mutation: You expend magic power (3 MP) to strengthen your wands. [potion of mutation]
  5041 | D:2      | Lost mutation: You expend magic power (3 MP) to strengthen your wands. [potion of cure mutation]
  5044 | D:2      | Gained mutation: Your flesh is heat resistant. [potion of mutation]
  5044 | D:2      | Gained mutation: You are agile. (Dex +2) [potion of mutation]
  5044 | D:2      | Gained mutation: Armour fits poorly on your strangely shaped body. [potion of mutation]
  5313 | D:4      | Found Vineq's Weapon Shoppe.
  5906 | D:4      | Reached skill level 7 in Spellcasting
  6174 | D:5      | Entered Level 5 of the Dungeon
  6400 | D:5      | Found a staircase to the Ecumenical Temple.
  6416 | Temple   | Entered the Ecumenical Temple
  6489 | Temple   | Became a worshipper of Sif Muna the Loreminder
  6981 | D:5      | Found a sacrificial altar of Ru.
  6981 | D:5      | Found a blossoming altar of Fedhas.
  6985 | D:5      | Found a stormy altar of Qazlal.
  6991 | D:5      | Reached skill level 8 in Spellcasting
  6991 | D:5      | Reached XP level 8. HP: 41/41 MP: 2/22
  7098 | D:5      | Found a glowing silver altar of Zin.
  7098 | D:5      | Found a bloodstained altar of Trog.
  7745 | D:4      | Killed Vincendra's ghost
  8011 | D:6      | Reached * piety under Sif Muna
  8093 | D:6      | Reached skill level 9 in Spellcasting
  8292 | D:6      | Noticed a two-headed ogre
  8297 | D:6      | Killed a two-headed ogre
  8474 | D:6      | Found an oddly glowing altar of Pakellas.
  8778 | D:6      | Reached ** piety under Sif Muna
  8905 | D:6      | Reached skill level 10 in Spellcasting
  8905 | D:6      | Reached XP level 9. HP: 45/45 MP: 17/25
  9990 | D:7      | Noticed Pikel
 10062 | D:7      | Noticed Duvessa
 10062 | D:7      | Noticed Dowan
 10063 | D:7      | Noticed Menkaure
 10350 | D:7      | Killed Menkaure
 10354 | D:7      | Killed Dowan
 10592 | D:7      | Reached skill level 5 in Stealth
 10967 | D:8      | Reached *** piety under Sif Muna
 10967 | D:8      | Reached skill level 11 in Spellcasting
 11276 | D:8      | Reached skill level 5 in Dodging
 11369 | D:8      | Noticed Erica
 11667 | D:8      | Found a snail-covered altar of Cheibriados.
 11691 | D:8      | Noticed Vincendra's ghost (novice MiFi)
 11697 | D:8      | Killed Vincendra's ghost
 11697 | D:8      | Reached skill level 5 in Conjurations
 11697 | D:8      | Reached skill level 10 in Earth Magic
 11697 | D:8      | Reached XP level 10. HP: 51/51 MP: 7/27
 11990 | D:8      | Found a snail-covered altar of Cheibriados.
 12647 | D:7      | Killed Duvessa
 12893 | D:7      | Reached **** piety under Sif Muna
 13573 | D:7      | Killed Pikel
 13573 | D:7      | Reached skill level 12 in Spellcasting
 13764 | D:7      | Found Noemavom's Distillery.
 13770 | D:7      | Bought a potion of curing for 39 gold pieces
 13770 | D:7      | Bought a potion of heal wounds for 65 gold pieces
 13770 | D:7      | Bought a potion of might for 52 gold pieces
 13770 | D:7      | Bought a potion of magic for 104 gold pieces
 14726 | D:9      | Reached ***** piety under Sif Muna
 14987 | D:9      | Noticed an obsidian statue
 14988 | D:9      | Noticed a sun demon
 15223 | D:9      | Learned a level 3 spell: Conjure Flame
 15227 | D:9      | Learned a level 3 spell: Mephitic Cloud
 15715 | D:8      | Killed Erica
 15860 | D:10     | Entered Level 10 of the Dungeon
 15860 | D:10     | Noticed a brown ugly thing
 16034 | D:10     | Reached skill level 13 in Spellcasting
 16049 | D:10     | Noticed simples's ghost (novice SpEn)
 16066 | D:10     | Killed simples's ghost
 16066 | D:10     | Reached skill level 1 in Fighting
 16066 | D:10     | Reached XP level 11. HP: 22/56 MP: 5/30
 16532 | D:10     | Noticed Josephine
 16538 | D:10     | Killed from afar by Josephine

Skill      XL: |  1  2  3  4  5  6  7  8  9 10 |
---------------+-------------------------------+-----
Spellcasting   | 4 5 6 8 10 11 13 | 13.1
Earth Magic    | 4 5 6 7 8 10 11 | 11.0
Dodging        | 3 4 5 6 |  6.2
Stealth        | 3 4 5 6 |  6.2
Conjurations   | 1 2 4 5 6 |  6.7
Transmutations | 2 3 |  3.4
Fighting       | 1 |  1.2
Maces & Flails | |  0.5
Air Magic      | |  0.2
Poison Magic   | |  0.2
Invocations    | |  0.2

Action                   |  1- 3 |  4- 6 |  7- 9 | 10-12 || total
-------------------------+-------+-------+-------+-------++-------
Melee: Short sword       |     6 |       |       |       ||     6
       Whip              |       |       |    29 |    26 ||    55
 Cast: Sandblast         |    58 |    52 |    30 |     3 ||   143
       Stone Arrow       |     2 |    42 |   122 |   136 ||   302
       Petrify           |       |       |     8 |    18 ||    26
       Passwall          |       |       |     7 |     4 ||    11
       Lee's Rapid Decon |       |       |    12 |     7 ||    19
       Mephitic Cloud    |       |       |       |     3 ||     3
Invok: Channel Energy    |       |       |     2 |       ||     2
  Use: Scroll            |       |     4 |     8 |     4 ||    16
       Potion            |       |       |     7 |     4 ||    11
 Stab: Sleeping          |     2 |       |       |       ||     2
       Petrified         |       |       |     3 |     2 ||     5
       Distracted        |       |       |     1 |     1 ||     2
  Eat: Chunk             |     3 |    10 |    21 |    11 ||    45
       Pizza             |       |       |     2 |       ||     2
       Royal jelly       |       |       |     1 |       ||     1
       Beef jerky        |       |       |     1 |     1 ||     2
       Fruit             |       |       |       |     4 ||     4
Armor: Robe              |     7 |     7 |    31 |    44 ||    89
Dodge: Dodged            |    21 |    39 |    73 |   129 ||   262
